 Dungeon Crawl Stone Soup version 0.26-b1-32-g5d43845318 (webtiles) character file.

Game seed: 10466639204552525410

35 MajorAdolf the Covert (level 3, -3/34 HPs)
             Began as a Naga Delver on Jan 7, 2021.
             Slain by a leopard gecko (4 damage)
             ... on level 3 of the Dungeon.
             The game lasted 00:01:17 (1005 turns).

MajorAdolf the Covert (Naga Delver)                 Turns: 1005, Time: 00:01:18

Health: -3/34      AC:  1    Str: 15    XL:     3   Next: 35%
Magic:  3/3        EV: 10    Int: 10    God:
Gold:   42         SH:  0    Dex: 12    Spells: 2/2 levels left

rFire    . . .     SeeInvis +   a - +0 hand axe
rCold    . . .     Faith    .   (no shield)
rNeg     . . .     Spirit   .   (no armour)
rPois    +         Reflect  .   (no helmet)
rElec    .         Harm     .   (no cloak)
rCorr    .         Rampage  .   (no gloves)
Will     .....                  (no barding)
Stlth    ++++......             (no amulet)
HPRegen  0.11/turn              (no ring)
MPRegen  0.08/turn              (no ring)

@: short of breath, very slow
A: large, see invisible, deformed body, poison resistance, slowness 2, spit
poison 1, AC +1
a: Spit Poison


You were on level 3 of the Dungeon.
You visited 1 branch of the dungeon, and saw 3 of its levels.

You collected 42 gold pieces.

Inventory:

Hand Weapons
 a - a +0 hand axe (weapon)
Wands
 g - a wand of digging (3)
Scrolls
 b - a scroll of enchant armour {unknown}
 c - a scroll of fog
 d - a scroll of magic mapping
Potions
 f - a potion of haste
 h - 2 potions of heal wounds {unknown}
 i - a potion of brilliance {unknown}


   Skills:
 + Level 3.2 Fighting
 + Level 2.1 Axes
 + Level 1.7 Dodging
 + Level 8.3 Stealth


You had 2 spell levels left.
You didn't know any spells.
Your spell library was empty.

Dungeon Overview and Level Annotations

Branches:
Dungeon (5/15)
 Temple: D:4-7

Altars:
Qazlal

Annotations:
D:4 exclusion: ogre


Innate Abilities, Weirdness & Mutations

You cannot wear boots.
Your serpentine skin is tough. (AC +1)
You have supernaturally acute eyesight. (SInv)
Armour fits poorly on your strangely shaped body.
Your system is resistant to poisons. (rPois)
You cover ground very slowly.
You can spit poison.


Message History

The leopard gecko bites you.
The orc begs, "Please don't kill me!"
Unknown command.
The leopard gecko bites you but does no damage.
There is an open door here.
Unknown command.
The leopard gecko closely misses you.
Unknown command.
The leopard gecko bites you but does no damage.
Press: ? - help, Shift-Dir - straight line, f - leopard gecko
Aim: a leopard gecko The splash of poison misses the leopard gecko.
The leopard gecko bites you.
You closely miss the leopard gecko. You hit the orc.
The leopard gecko barely misses you. The orc hits you with a +0 mace.
You closely miss the leopard gecko. You hit the orc but do no damage.
The leopard gecko closely misses you. The orc hits you with a +0 mace!
* * * LOW HITPOINT WARNING * * *
The leopard gecko bites you.
You die...

####################
...................#
.#################.#
.'..# #.#
.##.########## #.#
###.##......=#####.#
.............'.l@o>#
.##+#........#######
.!...........#
.............#
.....#.....)K#
.....#.......#
.....#.......#
.....#.......#


You could see an orc and a leopard gecko.

Vanquished Creatures
  A worker ant (D:4)
  A howler monkey skeleton (D:4)
  A worm (D:4)
  A kobold (D:3)
4 creatures vanquished.

Notes
Turn   | Place    | Note
-------+----------+-------------------------------------------
     0 | D:5      | MajorAdolf the Naga Delver began the quest for the Orb.
     0 | D:5      | Reached XP level 1. HP: 21/21 MP: 1/1
    38 | D:3      | Found a stormy altar of Qazlal.
   136 | D:4      | Noticed an ogre
   322 | D:4      | Noticed a worker ant
   335 | D:4      | HP: 1/21 [worker ant (1)]
   336 | D:4      | Killed a worker ant
   337 | D:4      | Reached skill level 8 in Stealth
   337 | D:4      | Reached XP level 2. HP: 2/28 MP: 2/2
   337 | D:4      | Reached XP level 3. HP: 2/34 MP: 3/3
   981 | D:3      | Noticed an ogre
  1005 | D:3      | HP: 1/34 [orc/+0 mace (10)]
  1005 | D:3      | Slain by a leopard gecko

Illustrated notes

Levels and vault maps discovered:
D:3:      layout_basic, lemuel_round_altar, nicolae_overflow_hidden_temple
D:4:      layout_basic, lemuel_coloured_pillars_altar, kennysheep_mini_moat
D:5:      layout_basic, portal_sewer_entry_e, uniq_duvessa

Skill      XL: |  1 |
---------------+----+-----
Stealth        | 8 |  8.3
Fighting       | |  3.2
Axes           | |  2.1
Dodging        | |  1.7

Action                   || total
-------------------------++-------
Melee: Hand axe          ||    21
 Abil: Spit Poison       ||     7
  Use: Scroll            ||     1
 Stab: Sleeping          ||     1
Armor: Skin              ||     6
Dodge: Dodged            ||    16
